Map: Recuperação LE

Players

Suicidas

  • Race: Zerg Zerg
  • League: Master
  • Spawn Location: 11:00

ImDiamond

  • Race: Protoss Protoss
  • Spawn Location: 12:00

MiPipi

  • Race: Terran Terran
  • League: Platinum
  • Spawn Location: 6:00

Bonitão

  • Race: Zerg Zerg
  • Spawn Location: 5:00

VOD

Have the link to the VOD?

Description

Time

  • Played on: June 5, 2025, 7:11 p.m.
  • Length: 7:31
Show
View Real Time Build Order
Export as new Build Order

Suicidas Zerg 

Build Orders: Hatch First 

Get SALT Encoding   

  12  0:03  Drone  
  13  0:08  Drone  
  14  0:15  Extractor, Drone  
  15  0:38  Hatchery  
  14  0:42  Overlord  
  14  0:57  Spawning Pool  
  14  1:02  Drone  
  14  1:06  Drone  
  14  1:10  Extractor  
  14  1:12  Drone  
  15  1:20  Drone  
  16  1:27  Drone  
  17  1:37  Drone  
  18  1:45  Queen  
  20  1:47  Drone  
  20  1:53  Queen  
  23  1:56  Drone  
  24  2:01  Drone  
  24  2:03  Drone  
  26  2:09  Drone  
  26  2:14  Drone  
  28  2:18  Overlord  
  28  2:23  Metabolic Boost  
  28  2:28  Overlord  
  28  2:39  Drone  
  28  2:40  Drone x2  
  31  2:46  Drone  
  32  2:54  Zergling x8  
  32  2:56  Zergling x2  
  37  3:04  Zergling x2  
  37  3:05  Zergling x6  
  41  3:13  Drone  
  41  3:14  Drone  
  43  3:24  Drone  
  43  3:25  Overlord  
  44  3:27  Hatchery  
  43  3:49  Zergling x2  
  43  3:50  Zergling x8  
  47  3:56  Drone  
  47  3:57  Drone x2  
  47  4:01  Drone  
  51  4:06  Baneling Nest  
  51  4:09  Roach Warren  
  21  4:42  Overlord  
  21  4:50  Roach x5  
  31  4:56  Roach  
  33  5:03  Roach  
  33  5:06  Roach  
  37  5:27  Queen  
  39  5:47  Hatchery  
  36  6:02  Queen  
  34  6:11  Roach x4  
  42  6:25  Roach  
  42  6:38  Queen  
  44  7:01  Drone x4  
Show
View Real Time Build Order
Export as new Build Order

ImDiamond Protoss 

Build Orders: Phoenix Opening 

Get SALT Encoding   

  12  0:00  Probe  
  13  0:12  Probe  
  14  0:18  Pylon  
  14  0:24  Probe  
  15  0:32  Probe  
  15  0:39  Gateway  
  15  0:40  Probe  
  17  0:50  Assimilator  
  17  0:51  Probe  
  18  1:04  Probe  
  18  1:21  Pylon, Probe  
  19  1:27  Cybernetics Core  
  19  1:33  Probe  
  20  1:42  Assimilator  
  20  1:49  Probe  
  21  1:59  Zealot  
  23  2:01  Probe  
  24  2:10  Warp Gate  
  24  2:13  Stargate  
  24  2:18  Probe  
  25  2:30  Stalker  
  27  2:40  Nexus  
  27  2:44  Probe  
  27  2:51  Pylon  
  28  3:01  Phoenix  
  30  3:07  Stalker  
  33  3:12  Probe  
  33  3:21  Pylon  
  33  3:25  Probe  
  34  3:35  Phoenix  
  34  3:36  Sentry  
  38  3:43  Probe  
  39  3:57  Pylon, Probe  
  39  4:02  Probe  
  41  4:03  Phoenix  
  43  4:17  Zealot  
  45  4:23  Pylon  
  45  4:42  Zealot  
  41  4:50  Shield Battery x2  
  41  4:52  Pylon  
  38  5:11  Zealot  
  36  5:27  Probe  
  36  5:28  Probe  
  32  5:40  Zealot  
  34  5:50  Probe  
  34  5:54  Pylon x2  
  39  5:58  Probe  
  39  6:01  Void Ray  
  39  6:03  Probe  
  41  6:06  Probe  
  41  6:10  Stalker  
  44  6:21  Probe  
  44  6:22  Probe  
  44  6:33  Gateway, Probe  
  44  6:34  Gateway, Probe  
  46  6:45  Stalker, Probe  
  46  6:46  Probe  
  50  6:57  Probe  
  34  7:10  Zealot  
  34  7:13  Probe x2  
Show
View Real Time Build Order
Export as new Build Order

MiPipi Terran 

Build Orders: 1/1/1, Liberator Opening 

Get SALT Encoding   

  12  0:03  SCV  
  13  0:15  SCV  
  13  0:17  Supply Depot  
  14  0:27  SCV  
  15  0:31  Refinery  
  16  0:42  SCV  
  16  0:47  Barracks  
  16  0:55  Refinery  
  16  0:58  SCV  
  17  1:10  SCV, Supply Depot  
  18  1:22  SCV  
  19  1:34  SCV  
  20  1:41  Factory  
  20  1:49  Marine  
  20  1:52  Orbital Command  
  21  2:17  SCV  
  22  2:26  Starport  
  22  2:27  Widow Mine  
  22  2:29  Marine  
  25  2:34  SCV  
  26  2:48  Command Center  
  26  2:51  Factory Tech Lab  
  26  2:54  SCV  
  26  2:56  Marine  
  28  3:07  Fusion Core  
  28  3:12  Liberator  
  31  3:31  Supply Depot  
  31  3:53  Marine  
  32  4:02  Orbital Command  
  32  4:04  Battlecruiser  
  32  4:06  Factory Tech Lab  
  38  4:27  Barracks Tech Lab  
  38  5:14  Siege Tank  
  38  5:15  Marine  
  38  5:17  Stimpack  
  39  5:33  Marine  
  40  5:42  Medivac  
  42  5:43  Engineering Bay  
  42  5:45  Engineering Bay  
  42  5:46  Siege Tank  
  42  5:47  Supply Depot  
  42  5:49  Supply Depot  
  45  5:53  Barracks  
  45  5:55  Barracks  
  45  6:13  Marine  
  46  6:31  Marauder  
  48  6:34  Orbital Command  
  48  6:52  Marine  
  49  7:01  SCV x2  
  49  7:03  Barracks Tech Lab x2  
  54  7:13  SCV x2  
Show
View Real Time Build Order
Export as new Build Order

Bonitão Zerg 

Build Orders: 3 Hatch before Pool, Zergling Baneling 

Get SALT Encoding   

  12  0:12  Drone x2  
  14  0:16  Overlord  
  14  0:35  Drone x2  
  16  0:51  Hatchery  
  16  0:52  Drone  
  16  0:58  Drone  
  17  1:13  Drone  
  18  1:28  Extractor, Drone  
  18  1:29  Drone, Hatchery  
  18  1:45  Drone, Spawning Pool  
  18  1:51  Drone  
  19  2:08  Drone x2  
  21  2:11  Overlord  
  21  2:33  Metabolic Boost  
  21  2:34  Zergling x6  
  21  2:35  Zergling x2  
  21  2:36  Zergling x2, Queen  
  26  2:41  Zergling x2  
  26  2:42  Zergling x2  
  30  2:46  Zergling x2  
  31  2:51  Zergling x2  
  31  2:53  Zergling x2  
  31  2:56  Zergling x2  
  34  3:04  Baneling Nest, Zergling x2  
  34  3:06  Zergling x2  
  34  3:10  Zergling x2  
  36  3:17  Zergling x2  
  36  3:19  Zergling x2  
  38  3:20  Zergling x2  
  38  3:24  Zergling x2  
  38  3:26  Zergling x2  
  41  3:29  Zergling x2  
  39  3:50  Zergling x4  
  39  3:51  Baneling x3  
  39  3:52  Baneling  
  41  4:00  Zergling x2  
  41  4:01  Overlord x2  
  41  4:02  Baneling x2  
  42  4:03  Baneling  
  29  4:50  Baneling x2  
  29  4:52  Zergling x2  
  30  4:53  Zergling x16  
  37  5:27  Zergling x2  
  37  5:28  Drone x8  
  34  5:58  Zergling x2  
  34  5:59  Zergling x12  
  41  6:09  Evolution Chamber  
  41  6:11  Evolution Chamber, Zergling x6  
  37  6:12  Zergling x6  
  37  6:15  Zergling x2  
  43  6:21  Drone  
  43  6:22  Drone  
  43  6:23  Drone  
  46  6:28  Queen x3  
  52  6:41  Drone x5  
  52  6:45  Extractor  
  52  6:46  Extractor  
Tags
 
Add a new tag
Caveats
  • Supply blocks, unpowered buildings, or Contaminate may cause inaccurate times.
  • Supply counts are checked every 10 seconds.